 Dungeon Crawl Stone Soup version 0.22.1-2-g9c5b331 (webtiles) character file.

40 diana the Bolt Thrower (level 3, -2/21 HPs)
             Began as a Kobold Arcane Marksman on Dec 27, 2018.
             Slain by an adder (4 damage)
             ... on level 1 of the Dungeon.
             The game lasted 00:03:48 (2029 turns).

diana the Bolt Thrower (Kobold Arcane Marksman)     Turns: 2029, Time: 00:03:49

Health: -2/21      AC:  3    Str:  8    XL:     3   Next: 72%
Magic:  4/4        EV: 16    Int: 14    God:
Gold:   49         SH:  0    Dex: 15    Spells: 3/4 levels left

rFire    . . .     SeeInvis .   (weapon restricted)
rCold    . . .     Gourm    .   (shield restricted)
rNeg     . . .     Faith    .   e - +0 robe
rPois    .         Spirit   .   (no helmet)
rElec    .         Reflect  .   i - +0 cloak
rCorr    .         Harm     .   (no gloves)
MR       .....                  (no boots)
Stlth    +.........             (no amulet)
HPRegen  0.07/turn              (no ring)
MPRegen  0.09/turn              (no ring)

@: lethally poisoned (-2 -> -4)
A: small, carnivore
a: no special abilities


You were on level 1 of the Dungeon.
You were hungry.

You visited 1 branch of the dungeon, and saw 2 of its levels.

You collected 49 gold pieces.

Inventory:

Armour
 e - a +0 robe (worn)
 i - a +0 cloak (worn)
Scrolls
 c - 4 scrolls of identify {unknown}
 g - 2 scrolls of enchant weapon {unknown}
 j - a scroll of teleportation {unknown}
Potions
 b - 4 potions of heal wounds
 h - 2 potions of curing {unknown}
Comestibles
 f - a ration


   Skills:
 + Level 1.9 Fighting
   Level 3.7 Crossbows
 + Level 3.1 Dodging
 - Level 1.1 Spellcasting
 - Level 3.0 Hexes


You had 3 spell levels left.
You knew the following spells:

 Your Spells              Type           Power        Failure   Level  Hunger
a - Corona                Hex            #......      8%          1    ##.....

Your spell library contained the following spells:

 Spells                   Type           Power        Failure   Level  Hunger
 Slow                     Hex            #.......     12%         2    ###....
 Inner Flame              Hex/Fire       #.......     38%         3    ####...
 Portal Projectile        Hex/Tloc       #.....       38%         3    ####...
 Cause Fear               Hex            #.........   58%         4    #####..
 Leda's Liquefaction      Hex/Erth       #.........   80%         4    #####..


Dungeon Overview and Level Annotations

Branches:
Dungeon (2/15)

Altars:
Cheibriados


Innate Abilities, Weirdness & Mutations

You are small and have problems with some larger weapons.
You are carnivorous and can eat meat at any time.


Message History

You hit the adder but do no damage.
The adder is heavily wounded.
* * * LOW HITPOINT WARNING * * *
You feel sick. The adder misses you.
You miss the adder.
The adder is heavily wounded.
The adder bites you.
* * * LOW HITPOINT WARNING * * *
The adder completely misses you.
You barely miss the adder.
The adder is heavily wounded.
The adder completely misses you.
You barely miss the adder.
The adder is heavily wounded.
* * * LOW HITPOINT WARNING * * *
You feel sick. The adder bites you but does no damage.
You hit the adder but do no damage.
The adder is heavily wounded.
The adder misses you. The adder bites you.
You die...

#....#......# #♣♣♣≈≈♣♣≈♣≈♣♣≈♣≈
####...........# #...#♣P≈≈≈♣♣≈≈..
#..#).....###### ###..#####.#....
...#......# #...# #......
#<.######## ##.)####..##.#
#..'.### ###..#.....##.#
####...############......###....#
##...##.......##.##...###.####
##..##......@#..##.#......## #
##...#.....S.#.......###...# #
#...)#..)....#.......# #.#.#
#####....#.......#.......# #...##
...##....#..(....#.####### #.....
...###...####.####.# #.#.#. ...#
#†[#####.####.# #.#.#.
...#######..)......# #.#.#.
................#### ####.#.##


You could see an adder.

Vanquished Creatures
  A dart slug (D:1)
  2 orcs (D:2)
  A giant cockroach (D:1)
  6 goblins
  4 hobgoblins
  2 jackals
  2 kobolds (D:1)
  5 bats (D:1)
  12 rats
  2 plants (D:1)
37 creatures vanquished.

Notes
Turn   | Place    | Note
-------+----------+-------------------------------------------
     0 | D:1      | diana the Kobold Arcane Marksman began the quest for the
                  | Orb.
     0 | D:1      | Reached XP level 1. HP: 12/12 MP: 2/2
    85 | D:1      | Reached XP level 2. HP: 16/16 MP: 3/3
   490 | D:1      | Reached XP level 3. HP: 21/21 MP: 4/4
  1199 | D:1      | Paralysed by fainting for 11 turns
  1536 | D:1      | Paralysed by fainting for 12 turns
  1905 | D:2      | Found a snail-covered altar of Cheibriados.
  2029 | D:1      | Slain by an adder

Skill      XL: |  1  2  3 |
---------------+----------+-----
Crossbows      | 3 |  3.7
Dodging        | 3 |  3.1
Fighting       | |  1.9
Spellcasting   | |  1.1
Hexes          | |  3.0

Action                   || total
-------------------------++-------
Melee: Unarmed           ||   922
       Hand crossbow     ||    70
 Fire: Hand crossbow     ||    78
  Use: Potion            ||     1
  Eat: Ration            ||     2
       Chunk             ||     2
Armor: Robe              ||    14
Dodge: Dodged            ||    89
